 Dungeon Crawl Stone Soup version 0.29.1-14-g9c671dbff4 (webtiles) character file.

Game seed: 8342243678786648407

1024 protoss039 the Digger (level 8, 61/61 HPs)
             Began as a Demonspawn Earth Elementalist on Feb 16, 2023.
             Was an Initiate of Vehumet.
             Got out of the dungeon alive.
             The game lasted 00:08:37 (5135 turns).

protoss039 the Digger (DsEE)                        Turns: 5135, Time: 00:08:37

Health: 61/61      AC:  9    Str:  9    XL:     8   Next: 2%
Magic:  15/15      EV: 10    Int: 18    God:    Vehumet [......]
Gold:   325        SH:  0    Dex: 14    Spells: 10/16 levels left

rFire   + . .      SeeInvis .   n - +0 spear
rCold   . . .      Faith    .   (no shield)
rNeg    . . .      Spirit   .   s - +1 ring mail {rF+}
rPois   .          Reflect  .   (helmet restricted)
rElec   .          Harm     .   (no cloak)
rCorr   .          Rampage  .   (no gloves)
Will    .....                   (no boots)
Stlth   +.........              m - amulet of regeneration
HPRegen 1.00/turn               (no ring)
MPRegen 0.14/turn               (no ring)

@: no status effects
A: antennae 1, yellow scales 2, spiny 1
a: Renounce Religion


You escaped.
You worshipped Vehumet.
Vehumet was noncommittal.
You visited 2 branches of the dungeon, and saw 7 of its levels.

You collected 325 gold pieces.

Inventory:

Hand Weapons
 n - a +0 spear (weapon)
 u - a +1 sling of flaming
Missiles
 t - 2 javelins
Armour
 r - a +0 helmet
 s - a +1 ring mail of fire resistance (worn)
Jewellery
 l - a ring of fire
 m - an amulet of regeneration (around neck)
 B - an amulet of reflection
Wands
 a - a wand of paralysis (6)
Scrolls
 c - 2 scrolls of butterflies
 e - a scroll of identify
 g - a scroll of magic mapping {unknown}
 h - a scroll of teleportation {unknown}
 k - a scroll of brand weapon {unknown}
 o - a scroll of amnesia {unknown}
 p - a scroll of vulnerability {unknown}
 q - 3 scrolls of fear {unknown}
 y - a scroll of blinking {unknown}
 D - a scroll of noise {unknown}
Potions
 b - a potion of curing
 d - 3 potions of flight {unknown}
 f - 4 potions of haste
 i - a potion of cancellation
 j - 3 potions of lignification
 v - a potion of brilliance {unknown}
 w - 3 potions of resistance {unknown}
 x - a potion of degeneration {unknown}
 z - a potion of attraction {unknown}
 A - a potion of heal wounds {unknown}
 C - a potion of might


   Skills:
 + Level 4.5 Fighting
 - Level 1.7 Dodging
 - Level 1.7 Stealth
 + Level 4.7 Spellcasting
 + Level 3.8 Conjurations
 - Level 0.8 Transmutations
 + Level 5.1 Earth Magic


You had 10 spell levels left.
You knew the following spells:

 Your Spells              Type           Power      Damage    Failure   Level
a - Sandblast             Erth           44%        2d11      4%          1
b - Passwall              Tmut/Erth      12%        N/A       17%         2
c - Stone Arrow           Conj/Erth      40%        3d9       19%         3

Your spell library contained the following spells:

 Spells                   Type           Power      Damage    Failure   Level
 Slow                     Hex            16%        N/A       36%         1
 Conjure Flame            Conj/Fire      11%        6-21      45%         3
 Blink                    Tloc           8%         N/A       50%         2
 Ignite Poison            Fire/Tmut/Pois 5%         N/A       71%         3
 Petrify                  Tmut/Erth      15%        N/A       73%         4
 Call Canine Familiar     Summ           4%         N/A       75%         3
 Confusing Touch          Hex            4%         N/A       75%         3
 Portal Projectile        Hex/Tloc       8%         N/A       75%         3
 Vampiric Draining        Necr           4%         2d6       75%         3
 Leda's Liquefaction      Hex/Erth       6%         N/A       78%         4
 Sticky Flame             Conj/Fire      11%        2d3       86%         4
 Manifold Assault         Tloc           4%         N/A       100%        5
 Storm Form               Tmut/Air       2%         N/A       100%        7


Dungeon Overview and Level Annotations

Branches:
Dungeon (6/15) Zot: 26778  Temple (1/1) D:4 Zot: 5828

Altars:
Ashenzari
Cheibriados
Dithmenos
Fedhas
Gozag
Hepliaklqana
Makhleb
Nemelex Xobeh
Okawaru
Qazlal
Ru
Sif Muna
Trog
Vehumet
Wu Jian
Xom

Shops:
D:5 (

Annotations:
D:2 Terence


Innate Abilities, Weirdness & Mutations

You have a pair of small antennae on your head.
You are mostly covered in yellow scales. (AC +3)
You are partially covered in sharp spines.


Message History

Casting: Sandblast (safe; 5% risk of failure)
Confirm with . or Enter, or press ? or * to list all spells.
Aiming: Sandblast (safe; 5% risk of failure)
Press: ? - help, Shift-Dir - straight line, f/p - bullfrog
Aim: a bullfrog (severely wounded, 79% to hit)
The blast of sand hits the bullfrog!
You kill the bullfrog!
Vehumet accepts your kill.
You have reached level 8!
You feel stronger.
Your demonic ancestry asserts itself...
A pair of antennae grows on your head!
Your +0 helmet falls away!
Unknown command.
There is a stone staircase leading up here.
Magic restored.
You climb upwards.
There is a stone staircase leading down here.
You see here an amulet of guardian spirit.
(D) Dungeon (T) Temple
Where to? (Enter - D:6 @ (x,y), ? - help)
What level of the Dungeon? (default 1, ? - help)
There is a stone staircase leading down here.
You see here an amulet of guardian spirit.
There is a stone staircase leading up, spattered with blood here.
You climb upwards.
There is a stone staircase leading down here.
There is a stone staircase leading up here.
You climb upwards.
There is a stone staircase leading down here.
There is a stone staircase leading up here.
You climb upwards.
Level annotation: Terence
There is a stone staircase leading down here.
There is a stone staircase leading up here.
You climb upwards.
There is a stone staircase leading down here.
You can't go up here!
There is a staircase leading out of the dungeon here.
Are you sure you want to leave the Dungeon?
This will make you lose the game!
You have escaped!

### #.#########
#.........#
#.#######.# #.#
#.##### #.#
#.#.@.# #.#
#.#...#
#.#######.#...#
#.#.......#...#
#.#.#######.#.#
#.#.# #.#.#
#.#.# #...#
#.#.# #...#
#.#.# #...#


There were no monsters in sight!

Vanquished Creatures
  Grinder (D:5)
  Sigmund (D:5)
  A bullfrog (D:6)
  2 scorpions
  3 wights
  A jelly (D:5)
  An orc priest (D:3)
  2 iguanas
  3 orc wizards
  Robin (D:2)
  5 adders
  A shadow imp (D:5)
  2 ufetubi
  A worm (D:3)
  4 dart slugs
  9 orcs
  4 ball pythons
  4 endoplasms
  3 giant cockroaches
  10 goblins
  5 hobgoblins
  3 kobolds
  3 quokkas
  3 bats
  4 frilled lizards
  10 rats
87 creatures vanquished.

Notes
Turn   | Place    | Note
-------+----------+-------------------------------------------
     0 | D:1      | protoss039 the Demonspawn Earth Elementalist began the
                  | quest for the Orb.
     0 | D:1      | Reached XP level 1. HP: 13/13 MP: 3/3
   286 | D:1      | Gained mutation: You are partially covered in yellow
                  | scales. (AC +2) [demonic ancestry]
   286 | D:1      | Reached XP level 2. HP: 20/20 MP: 0/5
   394 | D:1      | Reached skill level 1 in Fighting
   395 | D:1      | Reached skill level 3 in Earth Magic
   412 | D:1      | Learned a level 2 spell: Passwall
  1366 | D:2      | Reached XP level 3. HP: 26/26 MP: 3/6
  1481 | D:2      | Found a faded altar of an unknown god.
  1934 | D:2      | Noticed Terence
  2186 | D:2      | Noticed Robin
  2207 | D:2      | Reached XP level 4. HP: 30/33 MP: 0/8
  2220 | D:2      | Killed Robin
  2432 | D:2      | Learned a level 3 spell: Stone Arrow
  3253 | D:3      | Reached skill level 1 in Conjurations
  3253 | D:3      | Reached XP level 5. HP: 7/39 MP: 6/9
  3397 | D:4      | Found a bloodstained altar of Trog.
  3566 | D:4      | Reached skill level 4 in Earth Magic
  3701 | D:4      | Found a sacrificial altar of Ru.
  3715 | D:4      | Gained mutation: You are partially covered in sharp spines.
                  | [demonic ancestry]
  3715 | D:4      | Reached XP level 6. HP: 38/46 MP: 6/11
  3814 | D:4      | Found a staircase to the Ecumenical Temple.
  3971 | Temple   | Entered the Ecumenical Temple
  4117 | Temple   | Became a worshipper of Vehumet
  4194 | D:5      | Entered Level 5 of the Dungeon
  4411 | D:5      | Identified the +4 sling of Nashim {vorpal, rElec Str+4}
  4438 | D:5      | Found a shimmering altar of Xom.
  4469 | D:5      | Gained mutation: You are mostly covered in yellow scales.
                  | (AC +3) [demonic ancestry]
  4469 | D:5      | Reached XP level 7. HP: 44/52 MP: 6/13
  4609 | D:5      | Noticed Grinder
  4612 | D:5      | Noticed Sigmund
  4626 | D:5      | Killed Grinder
  4633 | D:5      | Killed Sigmund
  4634 | D:5      | Reached skill level 5 in Earth Magic
  4684 | D:5      | Found Coec's Weapon Shoppe.
  4957 | D:6      | Gained mutation: You have a pair of small antennae on your
                  | head. [demonic ancestry]
  4957 | D:6      | Reached XP level 8. HP: 61/61 MP: 12/15
  5135 | D:$      | Got out of the dungeon alive.

Illustrated notes

Levels and vault maps discovered:
D:1:      wheals_arrival_shading, layout_basic, nrook_loot_triangle,
          minmay_split_cup_large
D:2:      layout_basic, hellmonk_ecumenical_altar_pennies_from_heaven,
          st_stairs_12, mrwooster_statue_mirror, minmay_pentomino_o2,
          uniq_terence, uniq_robin
D:3:      layout_basic, chequers_serial_rivers_large_b
D:4:      layout_cave_pools, mainiacjoe_overflow_catwalk, lemuel_tele_altar,
          minmay_temple_entry_fiery
D:5:      layout_cave_pools, mainiacjoe_overflow_small_starburst, serial_shops,
          nicolae_shop_statue_plus, uniq_sigmund, uniq_grinder
D:6:      layout_gridville, elyvilon_altar_5
Temple:   nicolae_temple_superstar

Skill      XL: |  1  2  3  4  5  6  7 |
---------------+----------------------+-----
Fighting       | 1 2 3 4 |  4.5
Earth Magic    | 3 4 5 |  5.1
Spellcasting   | 3 4 |  4.7
Conjurations   | 1 2 3 |  3.8
Dodging        | |  1.7
Stealth        | |  1.7
Transmutations | |  0.8

Action                   |  1- 3 |  4- 6 |  7- 9 || total
-------------------------+-------+-------+-------++-------
Melee: Unarmed           |     2 |       |       ||     2
       Spear             |    20 |   112 |    30 ||   162
       Hand axe          |     7 |       |       ||     7
       Punch             |       |     2 |       ||     2
 Fire: Sling             |       |    17 |       ||    17
 Cast: Sandblast         |    42 |    73 |    15 ||   130
       Passwall          |       |     3 |       ||     3
  Use: Scroll            |     6 |       |       ||     6
       Potion            |       |     3 |       ||     3
 Stab: Sleeping          |     4 |       |       ||     4
Armor: Robe              |    17 |     6 |       ||    23
       Ring mail         |       |   106 |    21 ||   127
Dodge: Dodged            |    35 |   107 |    15 ||   157
